 Dungeon Crawl Stone Soup version 0.28-a0-563-gf77a47075d (webtiles) character file.

Game seed: 6766498255242902030

295 omnomnOMINOUS the Skirmisher (level 6, 0/66 HPs)
             Began as an Octopode Wanderer on Sept 29, 2021.
             Was a Believer of the Shining One.
             Slain by a wraith (7 damage)
             ... in an ossuary.
             The game lasted 00:11:42 (4838 turns).

omnomnOMINOUS the Skirmisher (Octopode Wanderer)    Turns: 4838, Time: 00:11:43

Health: 0/66       AC: 23    Str: 10    XL:     6   Next: 34%
Magic:  4/7        EV:  2    Int: 19    God:    the Shining One [**....]
Gold:   157        SH: 12    Dex: 10    Spells: 5/5 levels left

rFire   . . .      SeeInvis .   a - +2 mace
rCold   + . .      Faith    .   l - +2 buckler
rNeg    + + +      Spirit   .   (helmet currently unavailable)
rPois   +          Reflect  .   (no amulet)
rElec   .          Harm     .   f - ring of protection from cold
rCorr   .          Rampage  .   (no ring)
Will    .....      NoTele   +   (no ring)
Stlth   +.........              (no ring)
HPRegen 0.21/turn               (no ring)
MPRegen 0.10/turn               (no ring)
                                (no ring)
                                (no ring)

@: divinely shielded, tree-form, hasted and slowed, glowing
A: stationary, stasis, torment immunity, boosted hp, almost no armour,
(amphibious), 8 rings, (camouflage 1), (gelatinous body 1), (nimble swimmer 1),
(tentacles)
a: Renounce Religion, Divine Shield


You were in an ossuary.
You worshipped the Shining One.
The Shining One was pleased with you.
You were a tree.
You visited 1 branch of the dungeon, and saw 4 of its levels.
You also visited: Ossuary.

You collected 157 gold pieces.

Inventory:

Hand Weapons
 a - a +2 mace (weapon)
 b - a +0 trident
 c - a +2 dagger of holy wrath
 d - a +0 vorpal hand axe
Missiles
 j - 4 atropa-tipped darts
Armour
 l - a +2 buckler (worn)
Magical Staves
 k - a staff of air
Jewellery
 f - a ring of protection from cold (left branch)
Wands
 m - a wand of flame (18)
Scrolls
 e - a scroll of fog {unknown}
 h - 2 scrolls of vulnerability {unknown}
 i - a scroll of enchant armour {unknown}
 p - a scroll of enchant weapon {unknown}
 r - 2 scrolls of identify {unknown}
 u - a scroll of immolation {unknown}
Potions
 n - a potion of mutation {unknown}
 s - 2 potions of curing
Miscellaneous
 g - a piece from Xom's chessboard (15/15) (quivered)


   Skills:
 + Level 4.7 Fighting
 - Level 4.0 Maces & Flails
 + Level 4.7 Dodging
 + Level 0.6 Shields
 + Level 2.4 Invocations
 - Level 2.1 Evocations


You had 5 spell levels left.
You didn't know any spells.
Your spell library was empty.

Dungeon Overview and Level Annotations

Branches:
Dungeon (4/15)            Ossuary (1/1)
 Temple: D:4-7

Altars:
Gozag
Trog
Xom
Zin
The Shining One


Innate Abilities, Weirdness & Mutations

You are a tree.
Your roots penetrate the ground, keeping you stationary.
You cannot be teleported.
You are immune to unholy pain and torment.
Your maximum health is greatly increased.
You cannot wear most types of armour.
((You are amphibious.))
You can wear up to eight rings at the same time.
((Your skin changes colour to match your surroundings (Stealth+).))
((Your rubbery body absorbs attacks. (AC +1, EV +1)))
((You are camouflaged near water. (Stealth+)))
((You have tentacles for arms and can constrict up to eight enemies at once.))


Message History

The goblin zombie barely misses you.
You hit the goblin zombie.
You destroy the goblin zombie!
The Shining One accepts your kill.
No target in view!
No target in view!
You open the door.
A wraith comes into view.
Found 2 silvery potions.
Okay, then.
Unknown command.
Okay, then.
Unknown command.
You hit the wraith but do no damage. Your squeeze misses the wraith.
The wraith hits you. The wraith drains your vigour!
You feel yourself slow down.
Your shield is strengthened by the Shining One's divine power.
You block the wraith's attack. The wraith barely misses you.
You hit the wraith but do no damage. The wraith hits you!
The wraith drains your vigour!
You feel as though you will be slow longer.
The wraith hits you! The wraith drains your vigour!
You feel as though you will be slow longer.
It was a potion of lignification.
You turn into a tree.
Your roots penetrate the ground.
The wraith hits you but does no damage.
Unknown command.
It was a potion of cancellation.
Your magical effects are unravelling.
You feel magically purged.
You feel less wooden.
You feel yourself speed up. You block the wraith's attack. The wraith hits you!
* * * LOW HITPOINT WARNING * * *
The wraith drains your vigour!
You feel yourself slow down.
Really quaff the potion of lignification?
You turn into a tree.
Your roots penetrate the ground.
You block the wraith's attack.
Unknown command.
It was a potion of haste.
You feel yourself speed up. The wraith hits you but does no damage.
The wraith hits you!
You die...

...# .8.. ...
###..####.....####..###
.......................
..........# #.........
###.......# #.......##
.'....8...# #...8....+
###.......###.......####
........................
.....#.#..#.#..#♣#.....
###..#+#..# #..#W# ###
.'...# #..# #..#!#
###..###..###..###..#
.....................
.....................
#####################


You could see a wraith.

Vanquished Creatures
  An orc priest (D:2)
  2 orc wizards (D:2)
  Natasha (thrice) (D:2)
  A mummy (Ossuary)
  An adder (D:2)
  3 gnolls (D:2)
  2 worms (D:3)
  4 dart slugs
  6 orcs
  6 bats
  5 endoplasms
  3 giant cockroaches (D:1)
  A gnoll zombie (Ossuary)
  4 hobgoblins
  7 jackals
  2 kobolds (D:1)
  4 quokkas
  3 ball pythons
  3 frilled lizards
  4 goblins
  4 goblin zombies (Ossuary)
  A hobgoblin zombie (Ossuary)
  11 rats
81 creatures vanquished.

Notes
Turn   | Place    | Note
-------+----------+-------------------------------------------
     0 | D:1      | omnomnOMINOUS the Octopode Wanderer began the quest for the
                  | Orb.
     0 | D:1      | omnomnOMINOUS set off with the following items: a +2 mace,
                  | a scroll of teleportation, a piece from Xom's chessboard
                  | (15/15)
     0 | D:1      | Reached XP level 1. HP: 17/17 MP: 1/1
   215 | D:1      | Reached skill level 1 in Dodging
   536 | D:1      | Found a faded altar of an unknown god.
   542 | D:1      | Became a worshipper of the Shining One
   542 | D:1      | Reached * piety under the Shining One
   550 | D:1      | Reached XP level 2. HP: 22/22 MP: 2/2
   912 | D:1      | Reached XP level 3. HP: 27/27 MP: 3/3
  1605 | D:2      | Found an opulent altar of Gozag.
  2082 | D:2      | Reached XP level 4. HP: 18/33 MP: 4/4
  2807 | D:2      | Reached XP level 5. HP: 31/37 MP: 5/5
  2813 | D:2      | Reached skill level 1 in Invocations
  2966 | D:2      | Noticed Natasha
  2970 | D:2      | Killed Natasha
  3158 | D:2      | Found an opulent altar of Gozag.
  3188 | D:2      | Noticed Natasha
  3196 | D:2      | Killed Natasha
  3278 | D:2      | Found an opulent altar of Gozag.
  3340 | D:2      | Noticed Natasha
  3346 | D:2      | Killed Natasha
  3347 | D:2      | Reached XP level 6. HP: 38/44 MP: 7/7
  3723 | D:3      | Found a glowing silver altar of Zin.
  3744 | D:3      | Found a shimmering altar of Xom.
  4269 | D:3      | Noticed a moth of wrath
  4278 | D:3      | Found a bloodstained altar of Trog.
  4592 | D:4      | Found a sand-covered staircase.
  4642 | Ossuary  | Entered an ossuary
  4642 | Ossuary  | Noticed a wraith
  4642 | Ossuary  | Noticed a wraith
  4642 | Ossuary  | Noticed a wraith
  4642 | Ossuary  | Reached ** piety under the Shining One
  4831 | Ossuary  | Noticed a wraith
  4838 | Ossuary  | Slain by a wraith

Illustrated notes

Levels and vault maps discovered:
D:1:      dpeg_arrival_concentric_ovals, layout_basic,
          ebering_ecumenical_altar_sacrificial
D:2:      layout_basic, basic_altar, uniq_natasha
D:3:      layout_basic, mainiacjoe_overflow_concentric_impassable,
          old_standard_altar, tgw_trog
D:4:      layout_loops_ring, nicolae_ru_great_annihilating_truth,
          general_overflow_altar, chequers_ossuary_entry_cave, serial_shops,
          shop, serial_glass, glass_columns_a, glass_columns_c, glass_columns_c,
          glass_columns_a, glass_columns_c, glass_columns_a, glass_columns_a,
          glass_columns_b, glass_columns_b, glass_columns_a, glass_columns_a,
          glass_columns_b, glass_columns_b, glass_columns_a, solitary_fountain,
          chequers_serial_rivers_large_b, hangedman_decor_opposing,
          uniq_menkaure, uniq_blork_the_orc
Ossuary:  ossuary_kennysheep_city_of_the_dead

Skill      XL: |  1  2  3  4  5 |
---------------+----------------+-----
Dodging        | 1 2 3 4 |  4.7
Invocations    | 2 |  2.4
Fighting       | |  4.7
Maces & Flails | |  4.0
Shields        | |  0.6
Evocations     | |  2.1

Action                   |  1- 3 |  4- 6 || total
-------------------------+-------+-------++-------
Melee: Mace              |    63 |   103 ||   166
       Constrict         |    16 |    24 ||    40
       Tentacles         |    10 |    12 ||    22
Invok: Divine Shield     |       |     1 ||     1
  Use: Scroll            |     1 |       ||     1
       Potion            |       |     4 ||     4
 Stab: Sleeping          |     1 |       ||     1
Armor: Skin              |     4 |     7 ||    11
Dodge: Dodged            |    37 |    55 ||    92
Block: Buckler           |       |    11 ||    11

Table legend: (Time is in decaauts)
 A = Elapsed time spent in this place.
 B = Non-inter-level travel time spent in this place.
 C = Inter-level travel time spent in this place.
 D = Time resting spent in this place.
 E = Time spent auto-exploring this place.
 F = Levels seen in this place.
 G = Mean time per level.
                   A        B        C        D        E       F      G
               +--------+--------+--------+--------+--------+-----+--------+
         Total |   4876 |   4792 |     84 |    948 |   3168 |   5 |  975.2 |
       Dungeon |   4673 |   4589 |     84 |    837 |   3136 |   4 | 1168.2 |
       Ossuary |    203 |    203 |      0 |    111 |     32 |   1 |  203.0 |
               +--------+--------+--------+--------+--------+-----+--------+

Top non-repeatable levels by time:
     D:2: 2115 daAuts
     D:1: 1626 daAuts
     D:3: 844 daAuts
 Ossuary: 203 daAuts
     D:4: 88 daAuts
